 Dungeon Crawl Stone Soup version 0.29-a0-25-g7f48f510a0 (webtiles) character file.

Game seed: 1359277712707473582

156 testman the Skirmisher (level 5, -10/43 HPs)
             Began as a Formicid Abyssal Knight on Jan 31, 2022.
             Was a Priest of Lugonu.
             Mangled by an ogre (21 damage)
             ... on level 3 of the Dungeon.
             The game lasted 00:11:01 (2791 turns).

testman the Skirmisher (Formicid Abyssal Knight)    Turns: 2791, Time: 00:11:02

Health: -10/43     AC:  3    Str: 23    XL:     5   Next: 64%
Magic:  8/8        EV: 11    Int:  9    God:    Lugonu [***...]
Gold:   95         SH:  0    Dex: 11    Spells: 4/4 levels left

rFire   . . .      SeeInvis +   a - +1 spear
rCold   . . .      Faith    .   (no shield)
rNeg    . . .      Spirit   .   h - +0 leather armour of Impermeability {Regen+ Str+3}
rPois   .          Reflect  .   (helmet unavailable)
rElec   .          Harm     .   (no cloak)
rCorr   .          Rampage  .   (no gloves)
Will    .....                   (no boots)
Stlth   +.........              (no amulet)
HPRegen 0.94/turn               j - ring of wizardry
MPRegen 0.11/turn               (no ring)

@: no status effects
A: permanent stasis, dig shafts and tunnels, antennae 3, four strong arms
a: Dig, Shaft Self, Renounce Religion, Depart the Abyss, Bend Space, Banish


You were on level 3 of the Dungeon.
You worshipped Lugonu.
Lugonu was most pleased with you.
You visited 1 branch of the dungeon, and saw 3 of its levels.
You visited the Abyss 1 time.

You collected 95 gold pieces.

Inventory:

Hand Weapons
 a - a +1 spear (weapon)
Missiles
 b - 79 stones (quivered)
 m - 13 sling bullets
Armour
 h - the +0 leather armour of Impermeability (worn) {Regen+ Str+3}
   (You found it on level 2 of the Dungeon)

   Str:       It affects your strength (+3).
   Regen:     It increases your rate of health regeneration.
Jewellery
 j - a ring of wizardry (left hand)
Scrolls
 c - a scroll of magic mapping {unknown}
 e - a scroll of amnesia {unknown}
 f - 2 scrolls of vulnerability {unknown}
 g - a scroll of identify
 i - a scroll of enchant weapon {unknown}
 k - a scroll of fog {unknown}
 l - a scroll of teleportation {unknown}
 o - a scroll of brand weapon {unknown}
Potions
 d - a potion of attraction
 n - 2 potions of lignification
 p - a potion of heal wounds {unknown}


   Skills:
 + Level 4.6 Fighting
 + Level 3.4 Polearms
 - Level 2.1 Armour
 - Level 0.8 Dodging
 + Level 4.0 Invocations


You had 4 spell levels left.
You didn't know any spells.
Your spell library contained the following spells:

 Spells                   Type           Power      Damage    Failure   Level
 Magic Dart               Conj           0%         1d3       19%         1
 Call Imp                 Summ           0%         N/A       26%         2
 Mephitic Cloud           Conj/Pois/Air  0%         N/A       45%         3


Dungeon Overview and Level Annotations

Branches:
Dungeon (3/15)

Altars:


Innate Abilities, Weirdness & Mutations

You cannot be hasted, slowed, berserked, paralysed or teleported.
You can dig through walls and to a lower floor.
You have a pair of large antennae on your head. (SInv)
Your four strong arms can wield two-handed weapons with a shield.


Message History

Lugonu accepts your kill.
Okay, then.
You puncture the ogre!
The ogre is moderately wounded.
The ogre hits you with a +0 giant club!!
Okay, then.
Press: ? - help, Shift-Dir - straight line, f - ogre
Aim: an ogre, wielding a +0 giant club (moderately wounded, chance to affect: 81%)
Okay, then.
Space bends around you!
You blink.
Okay, then.
Throw: 81 stones
Press: ? - help, Q - select action, (/) - cycle Shift-Dir - straight line, f - ogre
Aim: an ogre, wielding a +0 giant club (translocational energy, moderately wounded, 73% to hit)
You throw a stone. The stone barely misses the ogre.
Throw: 80 stones
Press: ? - help, Q - select action, (/) - cycle Shift-Dir - straight line, f/p - ogre
Aim: an ogre, wielding a +0 giant club (moderately wounded, 73% to hit)
You throw a stone. The stone barely misses the ogre.
Reach: a) +1 spear
Press: ? - help, Dir - move target, f/p - ogre
Aim: an ogre, wielding a +0 giant club (moderately wounded, about 23% to evade your +1 spear)
You reach to attack!
You hit the ogre.
The ogre is heavily wounded.
You barely miss the ogre.
The ogre is heavily wounded.
The ogre hits you with a +0 giant club!
* * * LOW HITPOINT WARNING * * *
You hit the ogre.
The ogre is severely wounded.
The ogre barely misses you.
You closely miss the ogre.
The ogre is severely wounded.
You barely miss the ogre.
The ogre is severely wounded.
The ogre misses you.
You hit the ogre but do no damage.
The ogre is severely wounded.
The ogre hits you with a +0 giant club!!
You die...

.....( #..##
......#######
##..#
.......(....#
####..## #...)...#
#...#..#
#.......###.#.#..#
#...........#....#
#####'#########..#
#O# { ..># #@# {
##.# #.# { .# #.#
{ .. #.. { ### ###


You could see an ogre.

Vanquished Creatures
  A hound skeleton (D:2)
  A gnoll (D:1)
  5 adders
  4 worms
  A dart slug (D:2)
  2 orcs (D:3)
  8 endoplasms
  2 giant cockroaches (D:1)
  10 goblins
  5 hobgoblins
  2 jackals (D:1)
  4 quokkas
  9 ball pythons
  8 bats
  A frilled lizard (D:1)
  5 kobolds
  8 rats
76 creatures vanquished.

Notes
Turn   | Place    | Note
-------+----------+-------------------------------------------
     0 | Abyss:1  | testman the Formicid Abyssal Knight began the quest for the
                  | Orb.
     0 | Abyss:1  | Reached XP level 1. HP: 18/18 MP: 2/2
    18 | Abyss:1  | Found a corrupted altar of Lugonu.
    55 | D:1      | Escaped the Abyss
   248 | D:1      | Reached XP level 2. HP: 22/22 MP: 3/3
   631 | D:1      | Reached ** piety under Lugonu
   716 | D:1      | Reached XP level 3. HP: 26/30 MP: 5/5
  1229 | D:1      | Reached XP level 4. HP: 31/37 MP: 6/6
  1909 | D:2      | Identified the +1 leather armour "Vegelug" {rPois rC+
                  | Dex-4}
  1996 | D:2      | Identified the +0 leather armour of Impermeability {Regen+
                  | Str+3}
  2112 | D:2      | Reached *** piety under Lugonu
  2247 | D:2      | Reached XP level 5. HP: 43/43 MP: 7/7
  2777 | D:3      | Noticed an ogre
  2791 | D:3      | Mangled by an ogre

Illustrated notes

Levels and vault maps discovered:
D:1:      dpeg_arrival_boxorama, layout_basic, st_stairs_2
D:2:      layout_loops_cross, minmay_circle_x
D:3:      layout_basic

Skill      XL: |  1  2  3  4  5 |
---------------+----------------+-----
Invocations    | 3 4 |  4.0
Fighting       | 4 |  4.6
Polearms       | 3 |  3.4
Armour         | |  2.1
Dodging        | |  0.8

Action                   |  1- 3 |  4- 6 || total
-------------------------+-------+-------++-------
Melee: Spear             |   108 |   201 ||   309
       Punch             |     1 |       ||     1
Throw: Stone             |     1 |     2 ||     3
Invok: Bend Space        |       |     2 ||     2
  Use: Scroll            |       |     2 ||     2
 Stab: Sleeping          |     1 |       ||     1
Armor: Leather armour    |    11 |    18 ||    29
       Ring mail         |    12 |    27 ||    39
Dodge: Dodged            |    45 |    70 ||   115

Table legend: (Time is in decaauts)
 A = Elapsed time spent in this place.
 B = Non-inter-level travel time spent in this place.
 C = Inter-level travel time spent in this place.
 D = Time resting spent in this place.
 E = Time spent auto-exploring this place.
 F = Levels seen in this place.
 G = Mean time per level.
                   A        B        C        D        E       F      G
               +--------+--------+--------+--------+--------+-----+--------+
         Total |   2784 |   2764 |     20 |    602 |   1452 |   4 |  696.0 |
       Dungeon |   2724 |   2704 |     20 |    602 |   1452 |   3 |  908.0 |
         Abyss |     59 |     59 |      0 |      0 |      0 |   1 |   59.0 |
               +--------+--------+--------+--------+--------+-----+--------+

Top non-repeatable levels by time:
     D:1: 1616 daAuts
     D:2: 823 daAuts
     D:3: 285 daAuts
 Abyss:1: 59 daAuts
